Map: Tropical Sacrifice

Players

Nina - Winner!

  • Race: Protoss Protoss
  • Spawn Location: 7:00

Maplez

  • Race: Protoss Protoss
  • Spawn Location: 1:00

Event: DreamHack SC2 Masters 2022 Atlanta (Offline)

VOD

Have the link to the VOD?

Description

Time

  • Played on: Nov. 18, 2022, 12:06 p.m.
  • Length: 13:09

All games in this series

Show
View Real Time Build Order
Export as new Build Order

Nina Protoss - Winner!

Build Orders: Blink Stalkers 

Get SALT Encoding   

  12  0:00  Probe  
  13  0:12  Probe  
  14  0:17  Pylon  
  14  0:24  Probe  
  15  0:36  Gateway  
  15  0:38  Probe (Chrono Boost)  
  16  0:46  Assimilator  
  16  0:48  Probe (Chrono Boost)  
  17  0:54  Assimilator  
  17  0:56  Probe (Chrono Boost)  
  18  1:08  Probe (Chrono Boost)  
  19  1:14  Probe (Chrono Boost)  
  20  1:19  Pylon  
  20  1:24  Cybernetics Core  
  20  1:25  Probe  
  21  1:35  Zealot  
  21  1:37  Probe  
  24  1:49  Probe  
  25  2:01  Probe  
  25  2:04  Stalker  
  25  2:07  Warp Gate  
  28  2:26  Probe, Pylon  
  29  2:34  Stalker  
  30  2:41  Nexus  
  30  2:47  Probe  
  31  2:57  Twilight Council  
  31  3:02  Stalker (Chrono Boost)  
  31  3:05  Probe  
  34  3:15  Gateway  
  34  3:19  Probe  
  35  3:31  Probe, Blink (Chrono Boost)  
  36  3:42  Pylon  
  36  3:43  Probe  
  37  3:49  Robotics Facility  
  37  3:53  Probe (Chrono Boost)  
  38  3:55  Sentry  
  38  3:59  Probe (Chrono Boost)  
  41  4:05  Probe (Chrono Boost)  
  41  4:08  Shield Battery  
  43  4:14  Probe (Chrono Boost)  
  43  4:15  Stalker  
  45  4:22  Probe (Chrono Boost)  
  45  4:24  Stalker  
  48  4:27  Probe (Chrono Boost)  
  49  4:32  Pylon  
  49  4:37  Observer  
  52  4:39  Probe (Chrono Boost)  
  52  4:40  Probe (Chrono Boost), Stalker  
  52  4:44  Probe (Chrono Boost)  
  53  4:46  Probe (Chrono Boost)  
  53  4:52  Stalker  
  57  4:55  Probe  
  57  4:59  Probe  
  58  5:04  Observer  
  58  5:06  Stalker  
  58  5:07  Probe  
  62  5:17  Nexus  
  62  5:19  Observer  
  62  5:27  Stalker  
  62  5:28  Pylon  
  64  5:30  Observer  
  64  5:32  Immortal (Chrono Boost)  
  68  5:38  Assimilator  
  68  5:39  Stalker  
  70  5:45  Pylon  
  70  5:46  Gateway  
  70  5:51  Probe  
  70  5:56  Probe  
  72  5:58  Stalker  
  72  6:01  Shield Battery  
  72  6:03  Probe  
  75  6:08  Immortal (Chrono Boost), Probe (Chrono Boost)  
  80  6:11  Observer  
  80  6:13  Observer  
  80  6:16  Stalker  
  83  6:19  Probe (Chrono Boost)  
  83  6:20  Probe (Chrono Boost)  
  83  6:24  Forge  
  83  6:29  Stalker  
  83  6:30  Probe x2 (Chrono Boost)  
  87  6:38  Probe  
  87  6:39  Probe  
  90  6:40  Stalker  
  90  6:43  Immortal (Chrono Boost)  
  90  6:47  Probe  
  96  6:50  Probe  
  96  6:52  Sentry  
  99  6:56  Pylon  
  99  6:57  Probe  
  99  6:58  Pylon  
  99  6:59  Probe  
  101  7:04  Protoss Ground Weapons Level 1 (Chrono Boost)  
  101  7:08  Pylon  
  101  7:09  Gateway  
  101  7:13  Gateway  
  101  7:16  Probe x3  
  101  7:18  Stalker  
  101  7:19  Stalker  
  108  7:28  Observer, Probe x2 (Chrono Boost)  
  110  7:31  Probe (Chrono Boost)  
  110  7:32  Stalker  
  110  7:35  Pylon  
  113  7:37  Pylon  
  113  7:38  Assimilator  
  113  7:39  Pylon  
  113  7:42  Stalker  
  113  7:43  Probe (Chrono Boost)  
  116  7:44  Pylon  
  116  7:48  Probe (Chrono Boost)  
  117  7:52  Probe (Chrono Boost)  
  117  7:55  Assimilator  
  117  7:58  Nexus  
  118  8:00  Pylon  
  118  8:02  Stalker  
  118  8:03  Stalker  
  122  8:09  Observer (Chrono Boost)  
  122  8:10  Probe  
  122  8:11  Probe  
  125  8:15  Probe  
  125  8:16  Assimilator  
  125  8:17  Pylon  
  125  8:19  Photon Cannon  
  126  8:21  Shield Battery  
  126  8:22  Stalker  
  126  8:23  Stalker, Pylon  
  126  8:24  Probe  
  131  8:32  Stalker  
  131  8:33  Stalker x2  
  138  8:34  Probe  
  138  8:39  Photon Cannon  
  138  8:41  Probe  
  138  8:46  Probe  
  139  8:52  Phoenix  
  139  8:55  Gateway, Probe  
  140  8:56  Probe, Gateway  
  140  8:58  Gateway  
  140  9:00  Protoss Ground Weapons Level 2 (Chrono Boost)  
  141  9:05  Photon Cannon  
  141  9:07  Probe (Chrono Boost)  
  144  9:12  Probe (Chrono Boost)  
  144  9:15  Probe x2 (Chrono Boost)  
  145  9:17  Pylon  
  145  9:20  Probe (Chrono Boost)  
  145  9:21  Stalker  
  145  9:22  Stalker  
  150  9:24  Charge  
  150  9:27  Robotics Facility  
  150  9:28  Probe  
  150  9:29  Probe  
  150  9:30  Assimilator  
  152  9:35  Photon Cannon  
  152  9:42  Zealot x3  
  152  9:45  Assimilator  
  158  9:47  Robotics Facility  
  158  9:49  Zealot x3  
  162  9:56  Robotics Bay  
  162  10:02  Stalker x2  
  164  10:07  Observer  
  165  10:15  Probe  
  165  10:18  Stalker x4  
  165  10:19  Stalker  
  176  10:24  Stalker  
  176  10:26  Stalker  
  178  10:29  Nexus  
  178  10:32  Pylon  
  176  10:42  Disruptor (Chrono Boost)  
  166  10:44  Disruptor (Chrono Boost)  
  166  10:45  Disruptor (Chrono Boost)  
  166  10:46  Stalker, Pylon  
  166  10:47  Stalker x3  
  182  11:01  Stalker x4  
  182  11:03  Shield Battery  
  186  11:05  Photon Cannon  
  186  11:12  Stalker x4  
  192  11:26  Disruptor x2  
  192  11:29  Zealot  
  188  11:41  Stalker x5  
  168  11:55  Stalker  
  168  11:56  Stalker x2  
  168  11:59  Disruptor x2 (Chrono Boost)  
  172  12:07  Stalker  
  172  12:08  Stalker x3  
  189  12:09  Photon Cannon  
  189  12:10  Probe x4  
  189  12:11  Disruptor (Chrono Boost), Probe  
  194  12:22  Probe x2  
  194  12:27  Disruptor  
  194  12:28  Disruptor  
  200  12:31  Observer  
  194  12:41  Stalker x4  
  187  13:08  Stalker x4  
Show
View Real Time Build Order
Export as new Build Order

Maplez Protoss 

Build Orders: Oracle Opening, Blink Stalkers 

Get SALT Encoding   

  12  0:00  Probe  
  13  0:12  Probe  
  14  0:20  Pylon  
  14  0:24  Probe  
  15  0:38  Probe (Chrono Boost)  
  15  0:39  Gateway  
  16  0:47  Probe (Chrono Boost), Assimilator  
  17  0:52  Probe  
  18  0:57  Assimilator  
  18  1:05  Probe (Chrono Boost)  
  18  1:09  Pylon  
  19  1:15  Probe (Chrono Boost)  
  20  1:21  Probe (Chrono Boost)  
  21  1:26  Cybernetics Core  
  21  1:32  Zealot  
  23  1:35  Probe  
  24  1:47  Probe  
  25  2:03  Probe  
  25  2:04  Stargate  
  25  2:06  Stalker (Chrono Boost)  
  28  2:12  Pylon  
  28  2:15  Probe  
  29  2:26  Pylon  
  29  2:32  Probe  
  30  2:45  Nexus  
  30  2:57  Oracle (Chrono Boost)  
  34  3:03  Shield Battery  
  32  3:08  Shield Battery  
  32  3:10  Probe  
  33  3:20  Twilight Council  
  33  3:23  Warp Gate  
  33  3:26  Probe  
  34  3:34  Oracle  
  34  3:39  Probe  
  38  3:47  Pylon  
  38  3:51  Probe  
  39  3:58  Blink (Chrono Boost)  
  39  3:59  Probe  
  40  4:03  Probe  
  41  4:11  Probe  
  44  4:19  Probe  
  44  4:24  Probe  
  46  4:28  Gateway  
  46  4:31  Probe  
  46  4:35  Gateway  
  46  4:36  Probe  
  46  4:39  Shield Battery  
  46  4:43  Probe  
  47  4:47  Pylon  
  47  4:48  Probe  
  48  4:54  Robotics Facility  
  48  4:56  Probe  
  49  5:00  Probe  
  50  5:09  Probe  
  50  5:10  Nexus  
  50  5:12  Pylon  
  51  5:14  Stalker  
  51  5:19  Probe  
  54  5:23  Probe  
  54  5:25  Assimilator  
  55  5:29  Gateway  
  55  5:33  Stalker x2  
  55  5:35  Probe  
  60  5:44  Probe  
  60  5:45  Observer (Chrono Boost), Forge  
  60  5:47  Probe  
  63  5:53  Stalker  
  63  5:55  Shield Battery  
  63  5:56  Probe  
  66  6:00  Shield Battery  
  66  6:02  Probe  
  66  6:03  Observer (Chrono Boost)  
  68  6:08  Probe  
  69  6:14  Observer, Probe  
  69  6:16  Protoss Ground Weapons Level 1 (Chrono Boost)  
  70  6:20  Probe, Stalker  
  70  6:21  Stalker  
  75  6:27  Probe x2 (Chrono Boost)  
  75  6:32  Pylon  
  78  6:36  Robotics Facility, Probe (Chrono Boost)  
  78  6:39  Probe (Chrono Boost), Assimilator  
  80  6:40  Stalker  
  80  6:44  Robotics Bay, Probe (Chrono Boost)  
  80  6:46  Probe (Chrono Boost)  
  84  6:48  Probe (Chrono Boost)  
  84  6:51  Probe (Chrono Boost)  
  84  6:53  Probe  
  85  6:58  Probe  
  85  6:59  Pylon  
  87  7:02  Stalker x2  
  87  7:03  Probe, Stalker  
  87  7:07  Probe  
  95  7:10  Pylon  
  95  7:13  Assimilator x2, Stalker  
  97  7:22  Gateway  
  97  7:23  Gateway  
  97  7:30  Probe  
  97  7:31  Disruptor x2 (Chrono Boost)  
  104  7:40  Nexus  
  104  7:43  Probe  
  105  7:45  Probe x2  
  107  7:51  Stalker x2  
  107  7:55  Probe  
  107  7:57  Probe  
  113  8:00  Stalker x2  
  117  8:06  Pylon  
  117  8:07  Probe  
  117  8:12  Gateway  
  117  8:15  Pylon  
  117  8:21  Disruptor (Chrono Boost)  
  117  8:23  Disruptor (Chrono Boost)  
  117  8:25  Pylon  
  123  8:27  Shield Battery  
  123  8:28  Protoss Ground Weapons Level 2 (Chrono Boost)  
  123  8:34  Probe  
  124  8:35  Probe  
  124  8:37  Charge  
  124  8:38  Stalker x2  
  124  8:39  Probe  
  130  8:43  Stalker  
  130  8:46  Probe  
  130  8:47  Pylon  
  133  8:49  Zealot  
  133  8:52  Warp Prism (Chrono Boost)  
  136  9:00  Observer (Chrono Boost), Probe x2  
  138  9:03  Stalker x2  
  138  9:04  Probe x2  
  144  9:11  Stalker x2  
  144  9:13  Probe x2  
  151  9:20  Assimilator x2  
  151  9:22  Stalker x2, Pylon  
  154  9:25  Observer  
  154  9:30  Disruptor  
  158  9:33  Stalker  
  160  9:41  Stalker x3  
  166  9:45  Disruptor  
  166  9:46  Stalker  
  166  9:50  Pylon x2  
  171  9:57  Pylon  
  171  9:59  Probe  
  172  10:00  Probe  
  172  10:13  Stalker x2  
  172  10:14  Stalker x5  
  182  10:20  Disruptor  
  192  10:21  Disruptor  
  192  10:23  Dark Shrine  
  192  10:27  Nexus  
  192  10:29  Photon Cannon  
  192  10:37  Probe x2, Gateway  
  192  10:41  Probe x2  
  187  10:46  Zealot x4  
  187  10:49  Probe  
  196  10:50  Pylon  
  196  11:00  Probe x2  
  196  11:06  Pylon x2  
  196  11:08  Disruptor, Probe  
  200  11:19  Probe  
  200  11:23  Probe, Gateway  
  200  11:24  Gateway  
  197  11:26  Gateway  
  191  11:38  Probe  
  176  11:43  Probe  
  170  11:48  Probe x2  
  170  11:50  Probe  
  170  11:51  Disruptor x2 (Chrono Boost)  
  126  12:01  Stalker x4  
  126  12:02  Stalker x4  
  142  12:14  Probe x4  
  142  12:15  Probe  
  147  12:18  Disruptor x2 (Chrono Boost)  
  147  12:22  Stalker x3  
  156  12:26  Probe x2  
  160  12:31  Probe x2  
  160  12:34  Dark Templar x5  
  153  12:38  Probe  
  153  12:43  Stalker x3  
  136  12:53  Probe  
  136  12:54  Probe x2  
  136  12:57  Stalker x3  
Tags
 
Add a new tag
Caveats
  • Supply blocks, unpowered buildings, or Contaminate may cause inaccurate times.
  • Supply counts are checked every 10 seconds.